 Dungeon Crawl Stone Soup version 0.28-a0-1616-g050a50673c (webtiles) character file.

Game seed: 14200683254547390405

142 HoaS the Ruffian (level 5, -1/41 HPs)
             Began as a Ghoul Gladiator on Jan 22, 2022.
             Slain by a river rat (4 damage)
             ... on level 3 of the Dungeon.
             The game lasted 00:04:43 (2145 turns).

HoaS the Ruffian (Ghoul Gladiator)                  Turns: 2145, Time: 00:04:43

Health: -1/41      AC: 12    Str: 20    XL:     5   Next: 24%
Magic:  4/4        EV:  6    Int:  3    God:
Gold:   659        SH:  0    Dex: 10    Spells: 4/4 levels left

rFire   . . .      SeeInvis .     - Unarmed
rCold   + . .      Faith    .   (no shield)
rNeg    + + +      Spirit   .   g - +0 plate armour
rPois   ∞          Reflect  .   b - +0 helmet
rElec   .          Harm     .   (no cloak)
rCorr   .          Rampage  .   (no gloves)
Will    +....                   (no boots)
Stlth   ..........              (no amulet)
HPRegen 0.00/turn               d - ring of willpower
MPRegen 0.09/turn               (no ring)

@: inhibited regen
A: claws 1, cold resistance 1, negative energy resistance 3, inhibited
regeneration, torment resistance 2
a: no special abilities


You were on level 3 of the Dungeon.
You visited 1 branch of the dungeon, and saw 3 of its levels.

You collected 659 gold pieces.

Inventory:

Missiles
 c - 2 throwing nets (quivered)
 e - 2 poisoned darts
Armour
 b - a +0 helmet (worn)
 g - a +0 plate armour (worn)
Jewellery
 d - a ring of willpower (left claw)
Scrolls
 j - 3 scrolls of fear {unknown}
 k - a scroll of identify
Potions
 a - a potion of ambrosia
 f - a potion of curing
 h - a potion of might {unknown}
 i - a potion of lignification {unknown}


   Skills:
 - Level 2.1 Fighting
 - Level 1.7 Throwing
 + Level 2.2 Armour
 - Level 2.6 Dodging
 * Level 5.5 Unarmed Combat


You had 4 spell levels left.
You didn't know any spells.
Your spell library was empty.

Dungeon Overview and Level Annotations

Branches:
Dungeon (3/15)

Altars:


Innate Abilities, Weirdness & Mutations

You thrive by killing the living.
You are immune to poison.
You have sharp fingernails.
Your flesh is cold resistant. (rC+)
You are immune to negative energy. (rN+++)
You do not regenerate when monsters are visible.
You are immune to unholy pain and torment.


Message History

You miss the kobold brigand.
The kobold brigand is severely wounded.
The bat hits you but does no damage. The bat hits you.
The kobold brigand hits you with a +0 short sword.
* * * LOW HITPOINT WARNING * * *
You scratch the kobold brigand.
The kobold brigand is almost dead.
The bat hits you but does no damage.
The kobold brigand hits you with a +0 short sword.
* * * LOW HITPOINT WARNING * * *
You closely miss the kobold brigand.
The kobold brigand is almost dead.
The kobold brigand hits you but does no damage.
You scratch the kobold brigand.
You kill the kobold brigand!
The bat hits you but does no damage. x2
Your Armour skill increases to level 2!
Your Unarmed Combat skill increases to level 5!
You have reached level 5!
You feel stronger. The bat hits you but does no damage.
You scratch the river rat. Your claw misses the river rat.
The river rat is moderately wounded.
The river rat bites you but does no damage.
You closely miss the river rat.
The river rat is moderately wounded.
The river rat closely misses you.
You barely miss the river rat.
The river rat is moderately wounded.
The river rat bites you.
* * * LOW HITPOINT WARNING * * *
You scratch the river rat but do no damage.
The river rat is moderately wounded.
You barely miss the river rat.
The river rat is moderately wounded.
The river rat barely misses you.
You scratch the river rat but do no damage.
The river rat is moderately wounded.
The river rat bites you.
You die...

............# #....#
...####.....#########
...............#
#.#####.....##.#
..#.........##.# ###
###†##########†# ..
.........# #.# .#
###.####.#####.###)######
#.####........@rb......
###.............##.......
#....##+##.###..# .......
.....# # ..... .......
#....# .##..##.......
#....# #. ...# .......
###### # ##.## #......
### .. ...... ..####


You could see a river rat and a bat.

Vanquished Creatures
  A kobold brigand (D:3)
  An adder (D:3)
  2 worms (D:2)
  7 ball pythons
  3 bats
  4 endoplasms
  5 giant cockroaches
  8 goblins
  8 hobgoblins
  2 jackals (D:1)
  A quokka (D:2)
  2 frilled lizards
  5 rats
49 creatures vanquished.

Notes
Turn   | Place    | Note
-------+----------+-------------------------------------------
     0 | D:1      | HoaS the Ghoul Gladiator began the quest for the Orb.
     0 | D:1      | Reached XP level 1. HP: 17/17 MP: 0/0
   144 | D:1      | Reached XP level 2. HP: 24/24 MP: 1/1
   333 | D:1      | Reached skill level 4 in Unarmed Combat
   335 | D:1      | Reached skill level 1 in Armour
   430 | D:1      | Reached XP level 3. HP: 29/29 MP: 2/2
   597 | D:1      | Found a faded altar of an unknown god.
   694 | D:2      | Identified a scroll of acquirement
   694 | D:2      | Acquired 612 gold pieces
  1955 | D:3      | Reached XP level 4. HP: 36/36 MP: 3/3
  2120 | D:3      | Noticed a kobold brigand
  2138 | D:3      | Killed a kobold brigand
  2139 | D:3      | Reached skill level 5 in Unarmed Combat
  2139 | D:3      | Reached XP level 5. HP: 9/41 MP: 4/4
  2145 | D:3      | Slain by a river rat

Illustrated notes

Levels and vault maps discovered:
D:1:      shiori_arrival_oz, layout_basic,
          hellmonk_ecumenical_altar_inner_sanctum, serial_glass,
          glass_columns_c, glass_columns_b, glass_columns_a, glass_columns_a,
          glass_columns_c, glass_columns_a, glass_columns_c, glass_columns_b,
          glass_columns_a, glass_columns_b, glass_columns_b, glass_columns_a,
          glass_columns_a, glass_columns_b, item_on_display_a,
          minmay_strange_pillars
D:2:      minmay_general_purpose_star, layout_basic
D:3:      minmay_door_path, layout_basic, gup_sewer_entry_bubbles,
          grunt_ministairs_10, chequers_serial_rivers_micro_c,
          grunt_decor_fettered, dk_noncrumbling_2, uniq_terence

Skill      XL: |  1  2  3  4 |
---------------+-------------+-----
Unarmed Combat | 4 5 |  5.5
Armour         | 1 2 |  2.2
Fighting       | |  2.1
Throwing       | |  1.7
Dodging        | |  2.6

Action                   |  1- 3 |  4- 6 || total
-------------------------+-------+-------++-------
Melee: Unarmed           |   125 |    30 ||   155
       Punch             |       |     1 ||     1
Throw: Throwing net      |       |     1 ||     1
  Use: Scroll            |     4 |       ||     4
Armor: Leather armour    |    11 |       ||    11
       Ring mail         |    18 |       ||    18
       Plate armour      |     9 |    26 ||    35
Dodge: Dodged            |    52 |    10 ||    62

Table legend: (Time is in decaauts)
 A = Elapsed time spent in this place.
 B = Non-inter-level travel time spent in this place.
 C = Inter-level travel time spent in this place.
 D = Time resting spent in this place.
 E = Time spent auto-exploring this place.
 F = Levels seen in this place.
 G = Mean time per level.
                   A        B        C        D        E       F      G
               +--------+--------+--------+--------+--------+-----+--------+
         Total |   2131 |   2063 |     68 |    131 |   1533 |   3 |  710.3 |
       Dungeon |   2131 |   2063 |     68 |    131 |   1533 |   3 |  710.3 |
               +--------+--------+--------+--------+--------+-----+--------+

Top non-repeatable levels by time:
     D:2: 1215 daAuts
     D:1: 685 daAuts
     D:3: 230 daAuts
